 Dungeon Crawl Stone Soup version 0.22-a0-553-g9358b0b (webtiles) character file.

401 inc the Chiller (level 6, -1/36 HPs)
             Began as an Octopode Ice Elementalist on June 25, 2018.
             Slain by Edmund
             ... wielding a +2 flail of draining
              (2 damage)
             ... on level 4 of the Dungeon.
             The game lasted 00:06:48 (4555 turns).

inc the Chiller (Octopode Ice Elementalist)         Turns: 4555, Time: 00:06:50

Health: -1/36      AC:  1    Str:  7    XL:     6   Next: 85%
Magic:  2/9        EV: 12    Int: 20    God:
Gold:   178        SH:  0    Dex: 12    Spells: 1/9 levels left

rFire    . . .     SeeInvis +   j - +0 whip
rCold    . . .     Gourm    .   (no shield)
rNeg     . . .     Faith    .   (helmet restricted)
rPois    .         Spirit   .   (no amulet)
rElec    .         Reflect  .   e - ring of see invisible
rCorr    .         Harm     .   (no ring)
MR       .....                  (no ring)
Stlth    +++.......             (no ring)
HPRegen  0.12/turn              (no ring)
MPRegen  0.11/turn              (no ring)
                                (no ring)
                                (no ring)

@: drained
A: almost no armour, stealthy swim, amphibious, 8 rings, constrict 8, camouflage
1, gelatinous body 1
a: no special abilities


You were on level 4 of the Dungeon.
You were not hungry.

You visited 1 branch of the dungeon, and saw 4 of its levels.

You collected 178 gold pieces.

Inventory:

Hand Weapons
 j - a +0 whip (weapon)
 o - a +0 great mace
Jewellery
 e - a ring of see invisible (left tentacle)
 s - an uncursed ring of ice
Wands
 k - a wand of digging (4)
Scrolls
 i - 2 scrolls of teleportation
 q - a scroll of noise
 r - 2 scrolls of magic mapping {unknown}
 u - a scroll of identify
Potions
 a - a potion of lignification {unknown}
 c - a potion of ambrosia {unknown}
 d - a potion of might
 f - a potion of cancellation {unknown}
 g - a potion of haste
 l - a potion of degeneration
 m - a potion of heal wounds
 n - a potion of flight
 p - a potion of mutation
 t - a potion of invisibility
Comestibles
 b - 8 rations


   Skills:
 - Level 2.0(1.0) Dodging
 - Level 2.6(1.7) Stealth
 - Level 2.0(1.0) Spellcasting
   Level 1.0(0.0) Conjurations
 + Level 4.4(3.4) Summonings
 - Level 5.8(4.7) Ice Magic


You had one spell level left.
You knew the following spells:

 Your Spells              Type           Power        Failure   Level  Hunger
a - Freeze                Ice            ###.         2%          1    ##.....
b - Ozocubu's Armour      Chrm/Ice       ##......     21%         3    ####...
c - Summon Ice Beast      Ice/Summ       ###.....     32%         4    #####..

Your spell library contained the following spells:

 Spells                   Type           Power        Failure   Level  Hunger
 Throw Frost              Conj/Ice       ##....       10%         2    ###....
 Throw Icicle             Conj/Ice       ##......     54%         4    #####..


Dungeon Overview and Level Annotations

Branches:
Dungeon (4/15)
 Temple: D:4-7

Altars:
Sif Muna

Annotations:
D:4 Edmund


Innate Abilities, Weirdness & Mutations

You cannot wear most types of armour.
You are very stealthy in the water. (Stealth+)
You are amphibious.
You can wear up to eight rings at the same time.
You can use your tentacles to constrict eight enemies at once.
Your skin changes colour to match your surroundings (Stealth+).
Your rubbery body absorbs attacks. (AC +1, EV +1)


Message History

Aiming: Freeze (safe; 1% risk of failure)
Press: ? - help, Shift-Dir - straight line, f/p - Edmund
Aim: Edmund, wielding a flail of draining and wearing a chain mail (heavily wounded, constricted by you, slightly transparent)
You freeze Edmund.
Edmund is severely wounded.
You constrict Edmund.
Edmund hits you with a flail of draining.
You feel drained.
Casting: Freeze (safe; 1% risk of failure)
Confirm with . or Enter, or press ? or * to list all spells.
Aiming: Freeze (safe; 1% risk of failure)
Press: ? - help, Shift-Dir - straight line, f/p - Edmund
Aim: Edmund, wielding a flail of draining and wearing a chain mail (severely wounded, constricted by you, slightly transparent)
You freeze Edmund.
Edmund is severely wounded.
You constrict Edmund, but do no damage.
Edmund hits you with a flail of draining!
* * * LOW HITPOINT WARNING * * *
You feel drained.
You die...

≈.≈≈≈≈.# #.# ##.......# ≈.≈≈≈≈.#
#.#.#..#.....# ≈.≈≈≈≈.#
#.#.#.#.#..### .......#
#.#.#..#...# ...#.###
#.#.##...########### ...#.#
#.#<##...##...##...# ...#.#
#.#.#...#..#......#. ...#.#
#.#@#..#....#....#.. #..#.#
#.#@#.#......#..#... ##.#.#
#.#.##...##...##...# #.#†#
#.#.############...# #.#.#
#.#..#########..#...
#...#########.#......'.......#..
##..#.........#......#........#.
#..#.################.........#
##.#.# #.........# #.#.#
#......####


You could see Edmund (invisible).

Vanquished Creatures
  A centaur (D:3)
  A howler monkey (D:4)
  A hound (D:4)
  Natasha (thrice) (D:2)
  An iguana (D:4)
  A worker ant (D:4)
  3 adders
  2 oozes
  An adder skeleton (D:4)
  A worm (D:3)
  3 dart slugs
  3 leopard geckos (D:4)
  A ball python (D:1)
  4 giant cockroaches
  12 goblins
  8 hobgoblins
  8 jackals (D:4)
  5 quokkas
  8 bats
  6 frilled lizards
  5 kobolds
  A leopard gecko skeleton (D:4)
  7 rats
86 creatures vanquished.

Notes
Turn   | Place    | Note
-------+----------+-------------------------------------------
     0 | D:1      | inc the Octopode Ice Elementalist began the quest for the Orb.
     0 | D:1      | Reached XP level 1. HP: 11/11 MP: 3/3
   238 | D:1      | Reached XP level 2. HP: 17/17 MP: 1/5
   659 | D:1      | Reached skill level 4 in Ice Magic
   759 | D:1      | Reached XP level 3. HP: 18/21 MP: 4/6
  2105 | D:2      | Noticed Natasha
  2114 | D:2      | Killed Natasha
  2114 | D:2      | Reached skill level 5 in Ice Magic
  2114 | D:2      | Reached XP level 4. HP: 13/27 MP: 4/7
  2313 | D:2      | Found a faded altar of an unknown god.
  2333 | D:2      | Noticed Natasha
  2348 | D:2      | Killed Natasha
  2451 | D:2      | Noticed Natasha
  2454 | D:2      | Killed Natasha
  2454 | D:2      | Reached XP level 5. HP: 31/31 MP: 4/8
  2820 | D:3      | Noticed a centaur
  2874 | D:3      | Learned a level 3 spell: Ozocubu's Armour
  2879 | D:3      | Learned a level 4 spell: Summon Ice Beast
  3321 | D:3      | Killed a centaur
  3321 | D:3      | Reached XP level 6. HP: 29/36 MP: 3/9
  3930 | D:4      | Found a deep blue altar of Sif Muna.
  4544 | D:4      | Noticed Edmund
  4555 | D:4      | HP: 1/36 [Edmund/flail of draining (14)]
  4555 | D:4      | Slain by Edmund

Vault maps used:
D:1:      minmay_arrival_jagged, minivault_26, minmay_statues_item,
          glass_columns_c, minmay_split_cup_large
D:2:      chequers_ecumenical_altar_simple, first_ration, uniq_natasha
D:4:      hangedman_decor_slide_cut, minivault_14, lemuel_blue_sif_altar,
          uniq_edmund

Skill      XL: |  1  2  3  4  5  6 |
---------------+-------------------+-----
Ice Magic      | 4 5 |  5.8
Summonings     | 2 4 |  4.4
Dodging        | |  2.0
Stealth        | |  2.6
Spellcasting   | |  2.0
Conjurations   | |  1.0

Action                   |  1- 3 |  4- 6 || total
-------------------------+-------+-------++-------
Melee: Unarmed           |    52 |       ||    52
       Tentacles         |    10 |    13 ||    23
       Constrict         |    15 |    25 ||    40
       Whip              |    20 |    88 ||   108
 Cast: Freeze            |    35 |    49 ||    84
       Ozocubu's Armour  |       |     5 ||     5
  Use: Potion            |     2 |     1 ||     3
       Scroll            |       |    11 ||    11
 Stab: Sleeping          |     9 |     5 ||    14
  Eat: Chunk             |     4 |     9 ||    13
Armor: Skin              |    11 |    12 ||    23
Dodge: Dodged            |    67 |    91 ||   158

Table legend:
 A = Spawn XP
 B = Non-spawn XP
 C = Spawn XP percentage of total XP
 D = Spawn monster count
 E = Non-spawn monster count
 F = Spawn count percentage of total count
 G = Total turns spent on level
                    A         B        C        D         E        F      G
               +---------+---------+-------+---------+---------+-------+---------
         Total |       0 |     574 |   0.0 |       0 |      86 |   0.0 |  4555
               +---------+---------+-------+---------+---------+-------+---------
           D:1 |       0 |      54 |   0.0 |       0 |      27 |   0.0 |  1501
           D:2 |       0 |     141 |   0.0 |       0 |      17 |   0.0 |  1216
           D:3 |       0 |     145 |   0.0 |       0 |      19 |   0.0 |   837
           D:4 |       0 |     234 |   0.0 |       0 |      23 |   0.0 |  1001
               +---------+---------+-------+---------+---------+-------+---------
